 Dungeon Crawl Stone Soup version 0.19.1-1-g22dce08 (webtiles) character file.

1801 McKennaii the Gusty (level 8, -2/48 HPs)
             Began as a High Elf Air Elementalist on Jan 12, 2017.
             Was an Initiate of Sif Muna.
             Killed by divine providence
             ... invoked by an orc priest
              (9 damage)
             ... on level 7 of the Dungeon.
             The game lasted 00:23:32 (7412 turns).

McKennaii the Gusty (High Elf Air Elementalist)     Turns: 7412, Time: 00:23:33

Health: -2/48      AC:  6    Str:  7    XL:     8   Next: 83%
Magic:  14/20      EV: 14    Int: 25    God:    Sif Muna [......]
Gold:   267        SH:  0    Dex: 22    Spells: 5 memorised, 9 levels left

rFire  . . .     SeeInvis .     o - +3 scimitar
rCold  . . .     Gourm    .     x - +3 leather armour "Hogib" {rCorr Dex+5}
rNeg   . . .     Faith    .     (no shield)
rPois  .         Spirit   .     (no helmet)
rElec  .         Reflect  .     (no cloak)
rCorr  +         Harm     .     (no gloves)
MR     .....                    (no boots)
Stlth  +++.......               (no amulet)
                                C - +5 ring of intelligence
                                p - ring of flight

@: no status effects
A: no striking features
a: Renounce Religion, Evoke Flight


You were on level 7 of the Dungeon.
You worshipped Sif Muna.
Sif Muna was noncommittal.
You were not hungry.

You visited 2 branches of the dungeon, and saw 8 of its levels.

You collected 267 gold pieces.

Inventory:

Hand Weapons
 o - a +3 scimitar (weapon)
Armour
 x - the +3 leather armour "Hogib" (worn) {rCorr Dex+5}
   (You found it on level 4 of the Dungeon)

   It affects your dexterity (+5).
   It protects you from acid and corrosion.
Jewellery
 p - a ring of flight (left hand)
 C - a +5 ring of intelligence (right hand)
Wands
 a - a wand of confusion (15/48)
 u - a wand of flame (16/48)
Scrolls
 d - a scroll of recharging {unknown}
 e - 2 scrolls of enchant armour {unknown}
 f - 6 scrolls of identify {unknown}
 g - 4 scrolls of remove curse {unknown}
 l - 5 scrolls of teleportation {unknown}
 m - 2 scrolls of blinking {unknown}
 q - 2 scrolls of noise {unknown}
 s - a scroll of magic mapping {unknown}
 y - 2 scrolls of fear {unknown}
 B - a scroll of immolation {unknown}
Potions
 c - 3 potions of might {unknown}
 h - 2 potions of curing {unknown}
 i - a potion of magic {unknown}
 j - a potion of brilliance {unknown}
 k - 2 potions of haste {unknown}
 n - a potion of degeneration {unknown}
 v - 3 potions of invisibility {unknown}
 z - 2 potions of flight {unknown}
 A - a potion of lignification {unknown}
 D - a potion of resistance {unknown}
Books
 b - a book of Air

   Spells                             Type                      Level
   a - Shock                          Conjuration/Air              1
   b - Swiftness                      Charms/Air                   2
   c - Repel Missiles                 Charms/Air                   2
   d - Static Discharge               Conjuration/Air              3
   e - Lightning Bolt                 Conjuration/Air              5
Comestibles
 r - 2 bread rations
 t - 2 meat rations


   Skills:
 + Level 1.3 Fighting
 + Level 2.1 Armour
 + Level 4.1 Dodging
 + Level 3.1 Stealth
 + Level 0.2 Unarmed Combat
 + Level 7.6 Spellcasting
 + Level 5.6 Conjurations
 + Level 0.5 Charms
 + Level 7.9 Air Magic


You had 9 spell levels left.
You knew the following spells:

 Your Spells              Type           Power        Failure   Level  Hunger
a - Shock                 Conj/Air       ####         1%          1    None
b - Swiftness             Chrm/Air       ####....     2%          2    None
c - Repel Missiles        Chrm/Air       ####..       2%          2    None
d - Static Discharge      Conj/Air       #####...     1%          3    None
e - Lightning Bolt        Conj/Air       #####.....   17%         5    #####..


Dungeon Overview and Level Annotations

Branches:
Dungeon (7/15)             Temple (1/1) D:7

Altars:
Ashenzari
Dithmenos
Fedhas
Gozag
Kikubaaqudgha
Makhleb
Nemelex Xobeh
Okawaru
Qazlal
Ru
Sif Muna
Trog
Uskayaw
Vehumet
Xom
Yredelemnul
Zin
The Shining One


Message History

Aim: an orc priest, wielding a dagger and wearing a scale mail
Okay, then.
Casting: Shock
Confirm with . or Enter, or press ? or * to list all spells.
Aiming: Shock
Press: ? - help, Shift-Dir - straight line, f/p - orc priest
Aim: an orc priest, wielding a dagger and wearing a scale mail The zap hits the orc priest.
The orc priest is severely wounded.
The zap misses the orc priest.
The orc priest mumbles some strange prayers to Beogh against you.
Beogh smites you!
* * * LOW HITPOINT WARNING * * *
Okay, then.
You see here a gnoll skeleton.
Things that are here:
a club; an orc skeleton The orc priest mumbles some strange prayers to Beogh against you.
Beogh smites you!
You die...

... .... #.# ... #.# .## ...
##.# ... .. ##<.## ### ...
.# ##....# ..# ..g ##.#
#..##.###.# g.. #?[#
#.###.#...# ...###[###.# #@#
#...#####. #.........#
##)####........#
##.g##[#####
##.o#....#####.## #..#)..g.#
#..##.#### #..#.(...#
#o#...# ...).....# #.#.###
......)..#####.#.#####
...(....)((o.(.......######.
###(##########.#####........


You could see 2 orc priests.

Vanquished Creatures
  Sigmund (D:2)
  A hungry ghost (D:7)
  An ice beast (D:6)
  An orc warrior (D:7)
  The ghost of Dolanko the Slasher, an amateur DrGl (D:3)
  2 ogres
  A centaur (D:5)
  2 bullfrogs (D:6)
  2 scorpions (D:6)
  4 wights (D:7)
  A howler monkey (D:3)
  A crimson imp (D:5)
  2 hounds
  An orc wizard (D:6)
  A gnoll shaman (D:5)
  2 iguanas
  2 worker ants
  A statue (D:5)
  12 gnolls
  4 adders
  A shadow imp (D:5)
  2 oozes
  An adder skeleton (D:4)
  2 dart slugs
  7 leopard geckos
  15 orcs
  10 giant cockroaches
  9 hobgoblins
  7 jackals
  2 quokkas
  A ball python (D:4)
  8 bats
  5 frilled lizards
  12 goblins
  7 kobolds
  A quokka zombie (D:5)
  9 rats
142 creatures vanquished.

Notes
Turn   | Place    | Note
-------+----------+-------------------------------------------
     0 | D:1      | McKennaii the High Elf Air Elementalist began the quest for the Orb.
     0 | D:1      | Reached XP level 1. HP: 11/11 MP: 4/4
   291 | D:1      | Reached XP level 2. HP: 17/17 MP: 2/6
   865 | D:1      | Reached XP level 3. HP: 18/21 MP: 1/8
  1108 | D:2      | Found a bloodstained altar of Trog.
  1423 | D:2      | Noticed Sigmund
  1488 | D:1      | Learned a level 2 spell: Swiftness
  1491 | D:1      | Learned a level 2 spell: Repel Missiles
  2062 | D:3      | Found a shimmering altar of Xom.
  2163 | D:3      | Noticed Dolanko's ghost (amateur DrGl)
  2240 | D:3      | Reached XP level 4. HP: 27/27 MP: 8/10
  2283 | D:3      | Found an opulent altar of Gozag.
  3238 | D:2      | Killed Sigmund
  3238 | D:2      | Reached skill level 1 in Fighting
  3238 | D:2      | Reached XP level 5. HP: 5/33 MP: 7/12
  4173 | D:4      | Reached skill level 5 in Air Magic
  4173 | D:4      | Reached XP level 6. HP: 35/38 MP: 7/13
  4738 | D:4      | Got a crude leather armour
  4749 | D:4      | Identified the +3 leather armour "Hogib" {rCorr Dex+5} (You found it on level 4 of the Dungeon)
  4814 | D:4      | Found a shimmering altar of Xom.
  4814 | D:4      | Found a bloodstained altar of Trog.
  4821 | D:4      | Found an ancient bone altar of Kikubaaqudgha.
  4823 | D:4      | Found a shadowy altar of Dithmenos.
  4825 | D:4      | Found a faded altar of an unknown god.
  4923 | D:3      | Killed Dolanko's ghost
  4923 | D:3      | Reached skill level 5 in Spellcasting
  4923 | D:3      | Reached XP level 7. HP: 31/43 MP: 9/15
  4976 | D:5      | Entered Level 5 of the Dungeon
  5207 | D:5      | Found a radiant altar of Vehumet.
  6059 | D:6      | Reached skill level 1 in Armour
  6059 | D:6      | Reached XP level 8. HP: 48/48 MP: 11/18
  6113 | D:6      | Found a sparkling altar of Nemelex Xobeh.
  6431 | D:6      | Found a sacrificial altar of Ru.
  6438 | D:6      | Reached skill level 5 in Conjurations
  7012 | D:7      | Learned a level 3 spell: Static Discharge
  7018 | D:7      | Learned a level 5 spell: Lightning Bolt
  7092 | D:7      | Found a staircase to the Ecumenical Temple.
  7103 | Temple   | Entered the Ecumenical Temple
  7286 | Temple   | Became a worshipper of Sif Muna the Loreminder
  7412 | D:7      | Killed from afar by an orc priest

Skill      XL: |  1  2  3  4  5  6  7  8 |
---------------+-------------------------+-----
Air Magic      | 4 5 6 7 |  7.9
Spellcasting   | 3 4 5 6 7 |  7.6
Fighting       | 1 |  1.3
Dodging        | 3 4 |  4.1
Stealth        | 3 |  3.1
Conjurations   | 2 3 4 5 |  5.6
Armour         | 1 2 |  2.1
Unarmed Combat | |  0.2
Charms         | |  0.5

Action                   |  1- 3 |  4- 6 |  7- 9 || total
-------------------------+-------+-------+-------++-------
Melee: Unarmed           |    30 |     1 |       ||    31
       Scimitar          |       |       |     2 ||     2
 Cast: Shock             |    90 |   117 |   211 ||   418
       Repel Missiles    |     1 |       |       ||     1
       Swiftness         |       |     1 |     1 ||     2
  Eat: Bread ration      |     1 |     2 |     1 ||     4
       Pizza             |       |       |     1 ||     1
       Fruit             |       |       |     2 ||     2
       Royal jelly       |       |       |     1 ||     1
Armor: Robe              |    19 |     9 |       ||    28
       Leather armour    |       |       |     8 ||     8
Dodge: Dodged            |    53 |    61 |    35 ||   149
       Deflected         |       |     1 |       ||     1
       Rpst.: Scimitar   |       |       |     1 ||     1
